Map: Ghost River LE

Players

PwTelivolts

  • Race: Terran Terran
  • League: Master
  • Spawn Location: 11:00

NoCantMakeMe - Winner!

  • Race: Zerg Zerg
  • League: Master
  • Spawn Location: 1:00

VOD

Have the link to the VOD?

Description

Time

  • Played on: Aug. 19, 2024, 4:19 p.m.
  • Length: 10:29
Show
View Real Time Build Order
Export as new Build Order

PwTelivolts Terran 

Build Orders: Reaper Expand 

Get SALT Encoding   

  12  0:02  SCV  
  13  0:14  SCV  
  14  0:17  Supply Depot  
  14  0:26  SCV  
  15  0:39  SCV  
  15  0:41  Barracks  
  16  0:44  Refinery  
  16  0:51  SCV  
  17  1:03  SCV  
  18  1:15  SCV  
  19  1:29  Reaper  
  19  1:30  Orbital Command  
  20  1:39  Command Center  
  20  1:47  Supply Depot  
  20  1:51  Refinery  
  20  1:55  SCV  
  20  2:00  Marine  
  22  2:07  SCV  
  23  2:12  Factory  
  23  2:20  SCV  
  24  2:26  Barracks Reactor  
  24  2:32  SCV  
  25  2:44  SCV  
  26  2:53  Orbital Command  
  26  2:56  SCV  
  26  2:57  Starport  
  27  3:08  SCV  
  27  3:09  Cyclone x2  
  27  3:11  Marine  
  32  3:19  SCV  
  33  3:20  SCV  
  33  3:25  Supply Depot  
  34  3:29  Marine  
  34  3:32  Armory  
  34  3:33  Medivac  
  37  3:38  SCV x2  
  41  3:41  Hellion x2  
  43  3:50  Supply Depot  
  43  3:52  SCV, Fusion Core  
  43  3:54  SCV, Marine  
  46  4:03  Hellion  
  46  4:05  SCV  
  46  4:07  Hellion  
  46  4:08  Starport Tech Lab  
  46  4:09  SCV  
  53  4:17  SCV  
  53  4:21  SCV  
  54  4:28  Supply Depot  
  54  4:29  SCV  
  54  4:31  Hellion x2  
  59  4:33  SCV  
  60  4:45  SCV x2  
  62  4:53  Command Center  
  61  5:08  Battlecruiser  
  65  5:17  Cyclone  
  65  5:18  Cyclone  
  65  5:19  SCV  
  65  5:20  SCV  
  69  5:27  Refinery  
  69  5:30  Barracks, Barracks Reactor  
  69  5:31  Barracks  
  69  5:32  SCV x2  
  69  5:33  Barracks  
  69  5:39  Refinery  
  69  5:44  SCV  
  70  5:51  Engineering Bay  
  70  5:54  Supply Depot  
  70  6:00  Supply Depot x2  
  70  6:05  SCV x2  
  72  6:17  SCV  
  58  6:27  Banshee  
  54  6:34  Marine x2  
  54  6:35  Marine x2, Barracks Tech Lab  
  54  6:43  Orbital Command  
  54  6:50  Cyclone x2  
  54  6:52  Marine x2  
  60  6:56  Stimpack  
  60  6:58  SCV  
  60  6:59  SCV  
  60  7:00  Missile Turret  
  60  7:01  Refinery x2, Barracks Reactor, Missile Turret x2  
  62  7:02  Barracks Reactor  
  62  7:09  Marine  
  62  7:10  SCV, Marine  
  62  7:15  Marine  
  66  7:17  Marine x2  
  66  7:22  Cyclone  
  69  7:27  Marine x2  
  66  7:32  Marine  
  66  7:35  Marine x2  
  60  7:43  Orbital Command  
  55  7:45  Marine x2  
  55  7:49  Hellion  
  55  7:50  Marine  
  60  7:52  Marine  
  60  7:53  Marine  
  62  8:03  Marine x2  
  62  8:04  Medivac  
  66  8:08  Marine  
  66  8:10  Marine x2  
  58  8:21  Marine x2  
  50  8:31  Orbital Command, Marine x3  
  48  8:34  Banshee  
  48  8:39  Marine x2  
  48  8:40  SCV x2  
  52  8:49  Marine x3  
  52  8:52  SCV x2  
  55  8:58  Marine x2  
  51  9:04  SCV  
  51  9:09  SCV  
  55  9:13  Marine  
  55  9:15  Marine, Barracks Reactor x2  
  55  9:17  Banshee  
  55  9:20  SCV  
  55  9:21  SCV x2  
  61  9:25  Missile Turret  
  61  9:31  Marine x2  
  61  9:33  Widow Mine, SCV x3, Marine  
  61  9:38  Widow Mine  
  71  9:45  SCV x2  
  72  9:53  Marine  
  72  9:54  Supply Depot, Marine x5, Marauder  
  72  9:55  SCV, Widow Mine, Supply Depot  
  72  9:57  SCV  
  84  10:00  Widow Mine  
  82  10:11  Marine  
  74  10:17  SCV x2  
Show
View Real Time Build Order
Export as new Build Order

NoCantMakeMe Zerg - Winner!

Build Orders: Pool First 

Get SALT Encoding   

  12  0:01  Drone  
  13  0:13  Overlord  
  13  0:19  Drone  
  14  0:34  Drone x2  
  16  0:36  Drone  
  17  0:46  Drone  
  18  0:50  Spawning Pool  
  18  0:57  Drone  
  18  1:01  Extractor  
  17  1:07  Drone  
  18  1:16  Hatchery  
  18  1:18  Drone  
  18  1:29  Drone  
  19  1:37  Queen  
  19  1:39  Drone  
  22  1:45  Roach Warren  
  21  1:52  Overlord  
  21  2:13  Queen  
  23  2:25  Roach  
  23  2:26  Roach x2  
  29  2:37  Lair  
  29  2:38  Drone x2  
  31  2:45  Drone x4  
  35  2:55  Overlord  
  35  2:57  Drone  
  36  3:13  Overlord  
  36  3:14  Drone x3  
  39  3:24  Overlord  
  39  3:25  Drone x3  
  39  3:26  Drone  
  43  3:28  Extractor  
  43  3:29  Drone x2  
  44  3:35  Overseer  
  44  3:38  Drone x2  
  46  3:42  Extractor  
  46  3:43  Extractor  
  46  3:44  Ravager  
  46  3:47  Overseer  
  46  3:48  Drone x2  
  47  3:53  Drone  
  48  4:01  Drone  
  48  4:02  Drone x2  
  51  4:03  Drone  
  51  4:09  Overlord  
  52  4:17  Ravager x2  
  52  4:23  Overlord  
  54  4:25  Overlord  
  54  4:34  Roach x3  
  60  4:40  Spire  
  60  4:42  Overlord  
  61  4:45  Roach  
  61  4:46  Roach  
  61  4:48  Overlord  
  61  4:50  Roach x2  
  67  4:55  Hatchery  
  67  4:57  Roach x2  
  70  5:05  Roach x2  
  74  5:10  Roach x3  
  74  5:13  Roach  
  82  5:15  Roach  
  82  5:19  Roach  
  86  5:22  Roach  
  88  5:35  Overlord  
  88  5:40  Overlord  
  88  5:48  Overlord  
  88  5:51  Overlord  
  88  5:52  Corruptor x2  
  88  5:53  Corruptor  
  94  5:57  Corruptor  
  94  6:02  Drone  
  94  6:04  Drone  
  98  6:08  Drone x3  
  84  6:33  Corruptor x2  
  84  6:35  Corruptor  
  84  6:38  Drone x9  
  97  6:52  Roach x5  
  105  6:54  Extractor  
  105  6:57  Queen  
  106  7:04  Ravager x3  
  109  7:12  Overlord  
  109  7:13  Glial Reconstitution  
  109  7:16  Drone x4  
  109  7:17  Drone  
  106  7:44  Drone  
  106  7:45  Drone x6  
  111  7:54  Drone x5  
  111  7:55  Drone  
  117  8:02  Spore Crawler  
  116  8:06  Spore Crawler  
  116  8:08  Hatchery  
  112  8:14  Infestation Pit  
  91  8:38  Roach x2  
  97  8:41  Roach x3  
  97  8:42  Roach x4  
  106  8:48  Roach  
  106  8:49  Roach x4  
  110  9:09  Extractor, Spore Crawler  
  104  9:11  Drone  
  104  9:12  Drone x6  
  111  9:18  Hive, Evolution Chamber x2  
  111  9:20  Ravager x10  
  111  9:21  Ravager x2  
  111  9:22  Roach x3  
  127  9:36  Queen  
  127  9:37  Hatchery, Roach x2  
  127  9:38  Roach x3  
  138  9:40  Overlord  
  138  9:42  Spore Crawler  
  138  9:43  Extractor, Hatchery  
  138  9:44  Drone x2  
  138  9:45  Extractor  
  136  9:46  Extractor x2  
  136  9:47  Drone x3  
  136  9:48  Drone  
  139  9:52  Drone  
  139  9:53  Drone x2  
  139  9:54  Drone x2  
  139  9:57  Drone  
Tags
 
Add a new tag
Caveats
  • Supply blocks, unpowered buildings, or Contaminate may cause inaccurate times.
  • Supply counts are checked every 10 seconds.